 Dungeon Crawl Stone Soup version 0.28.0 (webtiles) character file.

Game seed: 12762703973732166845

1337 solaroid the Chopper (level 8, -18/68 HPs)
             Began as a Minotaur Fighter on Feb 11, 2022.
             Was a Follower of Nemelex Xobeh.
             Demolished by a two-headed ogre (33 damage)
             ... on level 7 of the Dungeon.
             The game lasted 01:09:38 (7120 turns).

solaroid the Chopper (Minotaur Fighter)             Turns: 7120, Time: 01:09:38

Health: -18/68     AC:  6    Str: 24    XL:     8   Next: 35%
Magic:  19/19      EV: 10    Int:  5    God:    Nemelex Xobeh [*.....]
Gold:   330        SH:  5    Dex: 16    Spells: 7/7 levels left

rFire   + + .      SeeInvis .   a - +4 flail
rCold   + . .      Faith    .   c - +0 buckler
rNeg    . . .      Spirit   .   A - +0 ring mail of the Sacrificial Victim {rPois Will- MP+9 Dex+7}
rPois   +          Reflect  .   (helmet restricted)
rElec   .          Harm     .   F - scarf {rC+ rF+}
rCorr   .          Rampage  .   (no gloves)
Will    .....                   (no boots)
Stlth   +.........              (no amulet)
HPRegen 0.21/turn               z - ring of protection from fire
MPRegen 0.16/turn               (no ring)

@: no status effects
A: horns 2, retaliatory headbutt
a: Renounce Religion, Draw Escape, Draw Destruction, Draw Summoning


You were on level 7 of the Dungeon.
You worshipped Nemelex Xobeh.
Nemelex Xobeh was aware of your devotion.
You visited 2 branches of the dungeon, and saw 8 of its levels.

You collected 330 gold pieces.

Inventory:

Hand Weapons
 a - a +4 flail (weapon)
 b - a +1 whip of holy wrath
 y - the +2 hunting sling of Tisuohuneh {vorpal, rPois rC++ rN+ Int-4}
   (You found it on level 4 of the Dungeon)

   Any ammunition fired from it inflicts extra damage upon your enemies.
   Int:       It affects your intelligence (-4).
   rC:        It greatly protects you from cold.
   rPois:     It protects you from poison.
   rN:        It protects you from negative energy.
Missiles
 h - a datura-tipped dart
 m - 131 stones (quivered)
 B - 6 poisoned darts
 C - a boomerang
 D - 3 silver javelins
Armour
 c - a +0 buckler (worn)
 u - a +0 chain mail
 A - the +0 ring mail of the Sacrificial Victim (worn) {rPois Will- MP+9 Dex+7}
   (You found it on level 4 of the Dungeon)

   Dex:       It affects your dexterity (+7).
   rPois:     It protects you from poison.
   MP:        It affects your magic capacity (+9).
   Will:      It decreases your willpower.
 F - a scarf of resistance (worn)
Jewellery
 s - a ring of wizardry
 w - a ring of flight
 z - a ring of protection from fire (left hand)
Wands
 v - a wand of charming (2)
 H - a wand of mindburst (11)
Scrolls
 e - a scroll of noise {unknown}
 f - 9 scrolls of identify
 g - 5 scrolls of immolation
 i - a scroll of enchant weapon
 l - a scroll of vulnerability
 p - a scroll of teleportation
 q - a scroll of fog {unknown}
 t - 3 scrolls of amnesia
 x - 2 scrolls of holy word {unknown}
 G - a scroll of enchant armour {unknown}
 K - a scroll of fear {unknown}
Potions
 d - 2 potions of mutation {unknown}
 j - 2 potions of brilliance
 k - a potion of resistance {unknown}
 n - a potion of attraction {unknown}
 o - 4 potions of curing
 r - a potion of haste {unknown}
 E - a potion of heal wounds {unknown}
 J - a potion of lignification {unknown}


   Skills:
 - Level 5.0 Fighting
 - Level 7.4 Axes
 + Level 0.6(4.6) Maces & Flails
 + Level 0.0 Throwing
 + Level 6.9 Armour
 - Level 5.0 Shields
 + Level 4.4 Invocations
 * Level 2.0 Evocations


You had 7 spell levels left.
You didn't know any spells.
Your spell library contained the following spells:

 Spells                   Type           Power      Damage    Failure   Level
 Magic Dart               Conj           0%         1d3       71%         1
 Searing Ray              Conj           0%         2d4       83%         2
 Fulminant Prism          Conj/Hex       0%         3d6       100%        4
 Passage of Golubria      Tloc           0%         N/A       100%        4
 Silence                  Hex/Air        0%         N/A       100%        5
 Lehudib's Crystal Spear  Conj/Erth      0%         10d2      100%        8


Dungeon Overview and Level Annotations

Branches:
Dungeon (7/15)             Temple (1/1) D:4

Altars:
Ashenzari
Cheibriados
Dithmenos
Elyvilon
Fedhas
Gozag
Hepliaklqana
Kikubaaqudgha
Makhleb
Nemelex Xobeh
Okawaru
Qazlal
Ru
Sif Muna
Trog
Uskayaw
Vehumet
Wu Jian
Xom
Yredelemnul
Zin
The Shining One

Shops:
D:3 *


Innate Abilities, Weirdness & Mutations

You have a pair of horns on your head.
You reflexively headbutt those who attack you in melee.


Message History

You hit the two-headed ogre but do no damage.
The two-headed ogre struggles against the net.
The net rips apart, and the two-headed ogre comes free!
You thump the two-headed ogre!
The two-headed ogre is lightly wounded.
The two-headed ogre barely misses you.
The two-headed ogre hits you with a +0 giant club!
You closely miss the two-headed ogre.
The two-headed ogre is lightly wounded.
The two-headed ogre hits you with a +0 giant club! x2
You don't know any spells.
Aiming: Charm
Press: ? - help, Shift-Dir - straight line, f/p - two-headed ogre
Aim: a two-headed ogre, wielding two +0 giant clubs (lightly wounded, chance to affect: 37%)
The two-headed ogre is charmed.
You start resting.
The two-headed ogre is no longer charmed.
The two-headed ogre hits you with a +0 giant club!
The two-headed ogre closely misses you.
Aiming: Charm
Press: ? - help, Shift-Dir - straight line, f/p - two-headed ogre
Aim: a two-headed ogre, wielding two +0 giant clubs (chance to affect: 37%)
The two-headed ogre easily resists.
The two-headed ogre closely misses you. You block the two-headed ogre's attack.
Aiming: Charm
Press: ? - help, Shift-Dir - straight line, f/p - two-headed ogre
Aim: a two-headed ogre, wielding two +0 giant clubs (chance to affect: 37%)
The two-headed ogre easily resists.
You block the two-headed ogre's attack.
The two-headed ogre hits you with a +0 giant club!!
* * * LOW HITPOINT WARNING * * *
You see here a +0 short sword.
There is an open door, spattered with blood here.
Items here: )))) †.
The two-headed ogre closely misses you. You block the two-headed ogre's attack.
You see here a +0 short sword.
There is an open door, spattered with blood here.
Items here: )))) †.
The two-headed ogre hits you with a +0 giant club!!
You die...
Your body disappears without a glow.

...............#....
...........#####....
...........#####....
##...............[.
###...............
#...............
#....)..........
#####O##........
#@##......##
#.##......#
#.##......#
#......#### ########


You could see a two-headed ogre.

Vanquished Creatures
  A water moccasin (D:5)
  2 black bears
  2 ice beasts
  A necrophage (D:6)
  A kobold brigand (D:7)
  A bullfrog (D:6)
  2 scorpions
  A gnoll shaman (D:6)
  A hound (D:4)
  Jessica (D:3)
  A bullfrog skeleton (D:4)
  2 iguanas
  2 orc wizards (D:5)
  Ijyb (D:4)
  A hound skeleton (D:4)
  Robin (D:4)
  6 adders
  9 gnolls
  A white imp (D:5)
  2 ufetubi
  An adder skeleton (D:4)
  A dart slug (D:2)
  10 orcs
  2 ball pythons
  12 endoplasms
  2 giant cockroaches
  14 goblins
  11 hobgoblins
  4 jackals (D:2)
  16 kobolds
  3 quokkas
  8 bats
  7 frilled lizards
  A goblin zombie (D:6)
  A rat (D:3)
  A rat zombie (D:6)
133 creatures vanquished.

Notes
Turn   | Place    | Note
-------+----------+-------------------------------------------
     0 | D:1      | solaroid the Minotaur Fighter began the quest for the Orb.
     0 | D:1      | Reached XP level 1. HP: 19/19 MP: 0/0
   342 | D:1      | Reached XP level 2. HP: 25/27 MP: 1/1
  1014 | D:1      | Reached skill level 3 in Axes
  1103 | D:2      | Reached XP level 3. HP: 20/33 MP: 2/2
  1648 | D:2      | Identified the +1 robe "Cebuenoazi" {rC+}
  2053 | D:2      | Found a faded altar of an unknown god.
  2053 | D:2      | Noticed an orange demon
  2266 | D:3      | Reached XP level 4. HP: 40/40 MP: 3/3
  2355 | D:3      | Found Roihuic's General Store.
  2359 | D:3      | Found a large runed translucent door.
  2360 | D:3      | Found a large runed translucent door.
  2593 | D:3      | Noticed Jessica
  2607 | D:3      | Reached skill level 4 in Axes
  2609 | D:3      | Killed Jessica
  2925 | D:3      | Found a sparkling altar of Nemelex Xobeh.
  2934 | D:3      | Found a snail-covered altar of Cheibriados.
  2952 | D:3      | Became a worshipper of Nemelex Xobeh the Trickster
  2996 | D:4      | Reached XP level 5. HP: 43/47 MP: 4/4
  3105 | D:4      | Noticed Ijyb
  3186 | D:4      | Killed Ijyb
  3490 | D:4      | Reached skill level 1 in Invocations
  3557 | D:4      | Reached skill level 5 in Axes
  3557 | D:4      | Reached XP level 6. HP: 49/55 MP: 5/5
  3587 | D:4      | Noticed Robin
  3625 | D:4      | Killed Robin
  3626 | D:4      | Reached skill level 5 in Fighting
  3626 | D:4      | Reached skill level 5 in Shields
  4080 | D:4      | Identified the +0 ring mail of the Sacrificial Victim
                  | {rPois Will- MP+9 Dex+7}
  4099 | D:4      | Identified the +2 hunting sling of Tisuohuneh {vorpal,
                  | rPois rC++ rN+ Int-4}
  4130 | D:4      | Found a staircase to the Ecumenical Temple.
  4157 | Temple   | Entered the Ecumenical Temple
  4486 | D:4      | Identified the +6 dagger of the Depths {speed, rCorr Str+3
                  | Dex-2}
  4622 | D:5      | Entered Level 5 of the Dungeon
  4622 | D:5      | Noticed a water moccasin
  4631 | D:5      | Killed a water moccasin
  4632 | D:5      | Reached skill level 5 in Armour
  4632 | D:5      | Reached XP level 7. HP: 43/61 MP: 7/7
  5055 | D:5      | Reached skill level 6 in Axes
  5086 | D:5      | Found a glowing golden altar of the Shining One.
  5504 | D:5      | Reached * piety under Nemelex Xobeh
  5863 | D:6      | Received a gift from Nemelex Xobeh
  5920 | D:6      | Reached skill level 7 in Axes
  5920 | D:6      | Reached XP level 8. HP: 51/68 MP: 9/9
  6021 | D:6      | Found a sand-covered staircase.
  6408 | D:6      | Reached skill level 1 in Evocations
  7041 | D:7      | Noticed a two-headed ogre
  7120 | D:7      | Demolished by a two-headed ogre

Illustrated notes

Levels and vault maps discovered:
D:1:      tarquinn_simple_flora_water_d, layout_loops_ring,
          roderic_roman_lattice, minmay_misc_feat_roman
D:2:      layout_rooms, dreamdust_ecumenical_altar_sealed_demon
D:3:      layout_basic, jmf_multi_god_temple2, serial_shops,
          nicolae_shop_waterfront, uniq_jessica
D:4:      layout_rooms, minmay_temple_entry_statues_fountains, uniq_robin,
          uniq_ijyb
D:5:      layout_rooms, mainiacjoe_overflow_cross_hatched
D:6:      layout_loops_cross, enter_ossuary_4
D:7:      layout_basic
Temple:   mainiacjoe_temple_bowtie_tessellation

Skill      XL: |  1  2  3  4  5  6  7  8 |
---------------+-------------------------+-----
Fighting       | 4 5 |  5.0
Axes           | 3 4 5 7 |  7.4
Armour         | 4 5 6 |  6.9
Shields        | 4 5 |  5.0
Invocations    | 1 2 3 4 |  4.4
Evocations     | 2 |  2.0
Maces & Flails | |  0.6

Action                   |  1- 3 |  4- 6 |  7- 9 || total
-------------------------+-------+-------+-------++-------
Melee: War axe           |    89 |   138 |    72 ||   299
       Headbutt          |     9 |    20 |    25 ||    54
       Whip              |       |       |     4 ||     4
       Flail             |       |       |    12 ||    12
Throw: Dart              |     1 |     1 |     1 ||     3
       Stone             |       |    15 |     5 ||    20
       Throwing net      |       |       |     1 ||     1
Evoke: Wand              |       |       |     3 ||     3
  Use: Potion            |       |     2 |     2 ||     4
       Scroll            |       |       |     5 ||     5
Armor: Scale mail        |    40 |    14 |       ||    54
       Chain mail        |       |    67 |       ||    67
       Ring mail         |       |       |    22 ||    22
Dodge: Dodged            |    33 |    65 |    31 ||   129
Block: Buckler           |    21 |    31 |    23 ||    75
